 Dungeon Crawl Stone Soup version 0.29.0-4-gdea44cf6ec (webtiles) character file.

Game seed: 18052131232036533035

56 qw the Chopper (level 3, -10/21 HPs)
             Began as a Tengu Warper on Aug 28, 2022.
             Mangled by a gnoll
             ... wielding a +1 spear of distortion
              (16 damage)
             ... on level 3 of the Dungeon.
             The game lasted 00:00:14 (2879 turns).

qw the Chopper (Tengu Warper)                       Turns: 2879, Time: 00:00:15

Health: -10/21     AC:  8    Str: 13    XL:     3   Next: 97%
Magic:  7/7        EV:  6    Int:  8    God:
Gold:   126        SH:  0    Dex: 13    Spells: 6/6 levels left

rFire   + . .      SeeInvis .   Y - +0 hand axe
rCold   + . .      Faith    .   (no shield)
rNeg    + . .      Spirit   .   c - +0 chain mail "Jenoix" {rN+ Int-5 Stlth+}
rPois   .          Reflect  .   (helmet restricted)
rElec   .          Harm     .   i - scarf {rC+ rF+}
rCorr   .          Rampage  .   (no gloves)
Will    .....                   (boots unavailable)
Stlth   ..........              (no amulet)
HPRegen 0.07/turn               (no ring)
MPRegen 0.10/turn               (no ring)

@: no status effects
A: beak, talons 3
a: no special abilities


You were on level 3 of the Dungeon.
You visited 1 branch of the dungeon, and saw 3 of its levels.

You collected 126 gold pieces.


Innate Abilities, Weirdness & Mutations

You have a beak for a mouth.
You have claws for feet.


   Skills:
 - Level 2.0 Fighting
 + Level 4.5 Axes
 - Level 1.0 Throwing
 - Level 1.1 Armour
 - Level 2.1 Dodging
 - Level 2.0 Spellcasting
 - Level 2.4 Translocations


You had 6 spell levels left.
You didn't know any spells.
Your spell library contained the following spells:

 Spells                   Type           Power      Damage    Failure   Level
 Blink                    Tloc           8%         N/A       100%        2
 Gell's Gravitas          Tloc           4%         N/A       100%        3
 Lesser Beckoning         Tloc           4%         N/A       100%        3
 Teleport Other           Tloc           4%         N/A       100%        3
 Manifold Assault         Tloc           4%         N/A       100%        5

Inventory:

Hand Weapons
 f - a +1 whip of venom
 Y - a +0 hand axe (weapon)
Armour
 c - the +0 chain mail "Jenoix" (worn) {rN+ Int-5 Stlth+}
   (You found it on level 2 of the Dungeon)

   Int:       It affects your intelligence (-5).
   rN:        It protects you from negative energy.
   Stlth:     It makes you more stealthy.
 i - a scarf of resistance (worn)
Scrolls
 a - a scroll of identify
 e - 2 scrolls of teleportation
Potions
 b - a potion of berserk rage {unknown}
 d - a potion of lignification {unknown}

Dungeon Overview and Level Annotations

Branches:
Dungeon (3/15)

Altars:


Message History

HP restored.
You see here a bat corpse.
You now have 126 gold pieces (gained 9).
d - a sedimented puce potion
Found a scale mail.
Found a stone staircase leading up.
Enter note:
Found an escape hatch in the floor.
There is a stone staircase leading up here. 2 gnolls come into view.
The gnoll shouts!
2871 ||| Stepping ~*~*~tactically~*~*~ (hiding).
You start waiting.
A gnoll is nearby!
A gnoll comes into view.
It is wielding a +1 spear of distortion.
The gnoll shouts!
You hit the gnoll. Your kick misses the gnoll.
The gnoll is moderately wounded.
You closely miss the gnoll. The gnoll hits you with a +0 spear.
The gnoll barely misses you.
You barely miss the gnoll. You claw the gnoll.
The gnoll is severely wounded.
You closely miss the gnoll. The gnoll closely misses you.
The gnoll hits you but does no damage.
You closely miss the gnoll.
The gnoll is severely wounded.
You closely miss the gnoll. The gnoll hits you with a +0 spear.
The gnoll barely misses you.
You barely miss the gnoll. You claw the gnoll.
The gnoll is almost dead.
You hit the gnoll but do no damage. The gnoll hits you with a +0 spear.
The gnoll completely misses you.
The gnoll hits you from afar with a +1 spear of distortion.
You barely miss the gnoll. Your peck misses the gnoll.
The gnoll is almost dead.
You hit the gnoll. The gnoll barely misses you.
The gnoll hits you with a +0 whip.
The gnoll hits you from afar with a +1 spear of distortion.
Space warps horribly around you!
Ouch! That really hurt!
You die...

# .. # .. # .. #.
#. ###### #g ..#[.#
######g###.#..###
......g@.#.#....#
######.#.#.##.#.#
#.#.....<..#
#.######.##########
#..................
########.##########
...>....# #########


You could see 3 gnolls.

Vanquished Creatures
  An adder (D:2)
  A worm (D:2)
  4 bats
  2 endoplasms
  2 giant cockroaches
  4 goblins
  9 hobgoblins
  8 kobolds
  2 quokkas (D:1)
  5 ball pythons (D:1)
  2 rats
40 creatures vanquished.

Notes
Turn   | Place    | Note
-------+----------+-------------------------------------------
     0 | D:1      | qw the Tengu Warper began the quest for the Orb.
     0 | D:1      | Reached XP level 1. HP: 12/12 MP: 4/4
     0 | D:1      | 0 ||| qw: Version: 0.1-a-89-g26bdef1
     0 | D:1      | 0 ||| qw: Game counter: 2505
     0 | D:1      | 0 ||| qw: Always use a shield: true
     0 | D:1      | 0 ||| qw: God list: Okawaru
     0 | D:1      | 0 ||| qw: Allow faded altars: false
     0 | D:1      | 0 ||| qw: Do Orc after D:15 true
     0 | D:1      | 0 ||| qw: Do second Lair branch before Depths: true
     0 | D:1      | 0 ||| qw: Lair rune preference: random
     0 | D:1      | 0 ||| qw: Plans: Normal
     0 | D:1      | 0 ||| PLANNING D:1-11
    41 | D:1      | 41 ||| Stepping ~*~*~tactically~*~*~ (stealth).
    42 | D:1      | 42 ||| Stepping ~*~*~tactically~*~*~ (stealth).
   123 | D:1      | Reached skill level 3 in Axes
   123 | D:1      | Reached XP level 2. HP: 17/17 MP: 6/6
   728 | D:1      | 728 ||| Stepping ~*~*~tactically~*~*~ (stealth).
   729 | D:1      | 729 ||| Stepping ~*~*~tactically~*~*~ (stealth).
   734 | D:1      | 734 ||| Stepping ~*~*~tactically~*~*~ (stealth).
   743 | D:1      | 743 ||| DROPPING +0 club.
   852 | D:1      | Found a faded altar of an unknown god.
  1076 | D:1      | Reached XP level 3. HP: 21/21 MP: 7/7
  1271 | D:1      | 1271 ||| UPGRADING to scarf of resistance.
  1276 | D:1      | 1276 ||| READING 2 scrolls labelled BUBUTO AREC.
  1277 | D:1      | 1277 ||| READING 2 scrolls labelled DIESCH WUEZ.
  1282 | D:1      | 1282 ||| READING scroll labelled RAVVUW CUTHIT.
  1401 | D:1      | 1401 ||| DROPPING scroll of blinking.
  1591 | D:2      | 1591 ||| DROPPING +0 whip.
  1617 | D:2      | Reached skill level 4 in Axes
  1649 | D:2      | 1649 ||| STAIRDANCE
  1649 | D:2      | HP: 5/21 [goblin/sling bullet (1)]
  1651 | D:1      | 1651 ||| READING 2 scrolls of teleportation.
  1870 | D:1      | 1870 ||| READING scroll labelled TAUJIQ ISEAGONN.
  1871 | D:1      | 1871 ||| READING scroll labelled TUM PYMAOGARASS.
  1997 | D:2      | 1997 ||| Stepping ~*~*~tactically~*~*~ (stealth).
  1999 | D:2      | 1999 ||| Stepping ~*~*~tactically~*~*~ (stealth).
  2088 | D:2      | 2088 ||| FLEEEEING.
  2089 | D:2      | 2089 ||| FLEEEEING.
  2090 | D:2      | 2090 ||| FLEEEEING.
  2091 | D:2      | 2091 ||| FLEEEEING.
  2092 | D:2      | 2092 ||| FLEEEEING.
  2093 | D:2      | 2093 ||| FLEEEEING.
  2094 | D:2      | 2094 ||| FLEEEEING.
  2095 | D:2      | 2095 ||| FLEEEEING.
  2096 | D:2      | 2096 ||| STAIRDANCE
  2227 | D:2      | 2227 ||| STAIRDANCE
  2241 | D:2      | 2241 ||| Stepping ~*~*~tactically~*~*~ (hiding).
  2459 | D:2      | Identified the +0 chain mail "Jenoix" {rN+ Int-5 Stlth+}
  2632 | D:2      | 2632 ||| UPGRADING to +0 chain mail "Jenoix" {rN+ Int-5
                  | Stlth+}.
  2642 | D:2      | 2642 ||| DROPPING +0 leather armour.
  2643 | D:2      | 2643 ||| READING 3 scrolls of identify.
  2643 | D:2      | 2643 ||| IDENTIFYING white potion
  2644 | D:2      | 2644 ||| READING 2 scrolls of identify.
  2644 | D:2      | 2644 ||| IDENTIFYING black potion
  2645 | D:2      | 2645 ||| DROPPING potion of invisibility.
  2646 | D:2      | 2646 ||| DROPPING potion of brilliance.
  2696 | D:3      | 2696 ||| Stepping ~*~*~tactically~*~*~ (stealth).
  2715 | D:3      | 2715 ||| Stepping ~*~*~tactically~*~*~ (stealth).
  2721 | D:3      | 2721 ||| Stepping ~*~*~tactically~*~*~ (stealth).
  2871 | D:3      | 2871 ||| Stepping ~*~*~tactically~*~*~ (hiding).
  2879 | D:3      | Mangled by a gnoll

Levels and vault maps discovered:
D:1:      kennysheep_arrival_seaside, layout_loops_ring,
          chequers_ecumenical_altar_twisty
D:2:      layout_basic
D:3:      layout_basic

Skill      XL: |  1  2  3 |
---------------+----------+-----
Axes           | 3 4 |  4.5
Fighting       | |  2.0
Throwing       | |  1.0
Armour         | |  1.1
Dodging        | |  2.1
Spellcasting   | |  2.0
Translocations | |  2.4

Action                   || total
-------------------------++-------
Melee: Hand axe          ||   109
       Kick              ||    28
       Peck              ||    13
Throw: Boomerang         ||     7
  Use: Scroll            ||     8
Armor: Leather armour    ||    28
       Chain mail        ||     4
Dodge: Dodged            ||    75

Table legend:
 A = Non-vault XP
 B = Vault XP
 C = Vault XP percentage of total XP
 D = Non-vault monster count
 E = Vault monster count
 F = Vault count percentage of total count
                 A         B        C        D         E       F
            +---------+---------+-------+---------+---------+-------
      Total |      81 |       0 |   0.0 |      40 |       0 |   0.0
            +---------+---------+-------+---------+---------+-------
        D:1 |      37 |       0 |   0.0 |      23 |       0 |   0.0
        D:2 |      33 |       0 |   0.0 |      11 |       0 |   0.0
        D:3 |      11 |       0 |   0.0 |       6 |       0 |   0.0
            +---------+---------+-------+---------+---------+-------
